 Dungeon Crawl Stone Soup version 0.30.1-11-g7821555f0a (webtiles) character file.

Game seed: 11140696410693630221

11 Ijustatesigmund the Digger (level 2, 0/20 HPs)
             Began as a Gnoll Earth Elementalist on Nov 30, 2023.
             Slain by Natasha (2 damage)
             ... on level 2 of the Dungeon.
             The game lasted 00:00:53 (782 turns).

Ijustatesigmund the Digger (GnEE)                    Turns: 782, Time: 00:00:53

Health: 0/20       AC:  3    Str:  7    XL:     2   Next: 29%
Magic:  7/7        EV: 13    Int: 14    God:
Gold:   39         SH:  0    Dex: 12    Spells: 9/10 levels left

rFire   . . .        c - +0 spear
rCold   . . .        (no shield)
rNeg    . . .        a - +0 robe
rPois   .            i - +1 hat
rElec   .            (no cloak)
rCorr   .            (no gloves)
SInv    +            (no boots)
Will    .....        (no amulet)
Stlth   ++           h - ring of see invisible
HPRegen 0.23/turn    (no ring)
MPRegen 0.10/turn

%: no passive effects
@: no status effects
A: fangs 1, strong nose, distributed training
a: no special abilities


You were on level 2 of the Dungeon.
You visited 1 branch of the dungeon, and saw 2 of its levels.

You collected 39 gold pieces.

Inventory:

Hand Weapons
 c - a +0 spear (weapon)
Armour
 a - a +0 robe (worn)
 i - a +1 hat (worn)
Jewellery
 h - a ring of see invisible (left hand)
Scrolls
 f - a scroll of teleportation {unknown}
 g - 2 scrolls of identify {unknown}
 j - a scroll of silence {unknown}
 k - a scroll of vulnerability {unknown}
Potions
 b - a potion of magic
 d - a potion of lignification {unknown}
 e - a potion of flight {unknown}


   Skills:
 + Level 0.4 Fighting
 + Level 0.4 Short Blades
 + Level 0.4 Long Blades
 + Level 0.4 Axes
 + Level 0.4 Maces & Flails
 + Level 0.4 Polearms
 + Level 0.4 Staves
 + Level 0.4 Ranged Weapons
 + Level 0.4 Throwing
 + Level 0.4 Armour
 + Level 4.5 Dodging
 + Level 4.1 Stealth
 + Level 0.4 Shields
 + Level 0.4 Unarmed Combat
 + Level 4.9 Spellcasting
 + Level 0.2 Conjurations
 + Level 0.2 Hexes
 + Level 0.2 Summonings
 + Level 0.2 Necromancy
 + Level 0.2 Translocations
 + Level 2.0 Transmutations
 + Level 0.2 Fire Magic
 + Level 0.2 Ice Magic
 + Level 0.2 Air Magic
 + Level 5.3 Earth Magic
 + Level 0.2 Poison Magic
 + Level 0.5 Invocations
 + Level 0.4 Evocations


You had 9 spell levels left.
You knew the following spells:

 Your Spells              Type           Power      Damage    Failure   Level
a - Sandblast             Erth           36%        2d10      1%          1

Your spell library contained the following spells:

 Spells                   Type           Power      Damage    Failure   Level
 Passwall                 Tmut/Erth      10%        N/A       6%          2
 Stone Arrow              Conj/Erth      22%        3d8       17%         3
 Ensorcelled Hibernation  Hex/Ice        8%         N/A       24%         2
 Petrify                  Tmut/Erth      13%        N/A       36%         4
 Gell's Gravitas          Tloc           4%         N/A       43%         3
 Ozocubu's Armour         Ice            4%         N/A       43%         3
 Swiftness                Air            4%         N/A       43%         3
 Teleport Other           Tloc           4%         N/A       43%         3
 Dispersal                Tloc           2%         N/A       100%        6
 Ozocubu's Refrigeration  Ice            2%         4d7       100%        7


Dungeon Overview and Level Annotations

Branches:
Dungeon (2/15)

Altars:

Annotations:
D:2 Natasha


Innate Abilities, Weirdness & Mutations

You have very sharp teeth.
Your uncanny sense of smell can sniff out nearby items.
Your experience applies equally to all skills.


Message History

Found a stone staircase leading up.
No target in view!
Found a hand axe.
A goblin comes into view. It is wielding a +0 dagger.
No target in view!
No target in view!
Natasha, Servant of Life and Death comes into view.
Found a runed dagger.
You reach to attack!
The helpless Natasha fails to defend herself.
You hit Natasha.
Natasha is moderately wounded.
You barely miss Natasha. You bite Natasha, but do no damage.
Natasha is moderately wounded.
Natasha mumbles some strange words.
You closely miss Natasha. Your bite misses Natasha.
Natasha is moderately wounded.
Natasha claws you.
You hit Natasha.
Natasha is heavily wounded.
Natasha mumbles some strange words.
The cerulean imp barely misses you.
You barely miss Natasha.
Natasha is heavily wounded.
Natasha claws you.
The cerulean imp hits you from afar with a +2 spear.
The cerulean imp hits you but does no damage.
You hit Natasha but do no damage. Your bite misses Natasha.
Natasha is heavily wounded.
Natasha claws you. The cerulean imp barely misses you.
The cerulean imp hits you with a +2 spear.
* * * LOW HITPOINT WARNING * * *
The goblin hits you but does no damage.
Natasha stares at you and mumbles some strange words.
You resist with significant effort.
The cerulean imp attacks as you move away!
The cerulean imp hits you with a +2 spear.
* * * LOW HITPOINT WARNING * * *
Natasha attacks as you move away! Natasha claws you.
You die...

.# #. # .. #. .# #
#.)#####.#.##
#......5....
#....5hg.# #.#.#@#
..#..# #.#.#.#
#∆#.#..# #.#.#.#
.#.#.#..# #.#.#.#
...#.#..# #.#.#.#.#.#
......####.........#
#.........#.#.###....
#....###..#.......###
# #..>.###..#...###.#


You could see Natasha, 2 cerulean imps and a goblin.

Vanquished Creatures
  An endoplasm (D:1)
  3 hobgoblins
  2 kobolds (D:1)
  A ball python (D:1)
  A bat (D:1)
  A frilled lizard (D:1)
  2 rats (D:1)
11 creatures vanquished.

Notes
Turn   | Place    | Note
-------+----------+-------------------------------------------
     0 | D:1      | Ijustatesigmund the Gnoll Earth Elementalist began the
                  | quest for the Orb.
     0 | D:1      | Reached XP level 1. HP: 13/13 MP: 6/6
   269 | D:1      | Reached XP level 2. HP: 19/19 MP: 7/7
   770 | D:2      | Noticed Natasha
   782 | D:2      | Slain by Natasha

Illustrated notes

Levels and vault maps discovered:
D:1:      dpeg_arrival_short_road, layout_basic
D:2:      layout_basic, serial_shops, shop, basic_altar, uniq_natasha

Skill      XL: |  1 |
---------------+----+-----
Transmutations | 2 |  2.0
Fighting       | |  0.4
Short Blades   | |  0.4
Long Blades    | |  0.4
Axes           | |  0.4
Maces & Flails | |  0.4
Polearms       | |  0.4
Staves         | |  0.4
Ranged Weapons | |  0.4
Throwing       | |  0.4
Armour         | |  0.4
Dodging        | |  4.5
Stealth        | |  4.1
Shields        | |  0.4
Unarmed Combat | |  0.4
Spellcasting   | |  4.9
Conjurations   | |  0.2
Hexes          | |  0.2
Summonings     | |  0.2
Necromancy     | |  0.2
Translocations | |  0.2
Fire Magic     | |  0.2
Ice Magic      | |  0.2
Air Magic      | |  0.2
Earth Magic    | |  5.3
Poison Magic   | |  0.2
Invocations    | |  0.5
Evocations     | |  0.4

Action                     || total
---------------------------++-------
  Melee: Spear             ||    34
         Bite              ||     1
   Cast: Sandblast         ||     4
   Stab: Sleeping          ||     6
 Armour: Robe              ||     6
  Dodge: Dodged            ||    11
